 Dungeon Crawl Stone Soup version 0.19-a0-1068-g99dd0f4 (webtiles) character file.

39 Jmtri7 the Ducker (level 3, 0/23 HPs)
             Began as an Octopode Transmuter on Aug 5, 2016.
             Slain by Jessica
             ... wielding a +0 club
              (4 damage)
             ... on level 2 of the Dungeon.
             The game lasted 00:02:39 (1308 turns).

Jmtri7 the Ducker (Octopode Transmuter)             Turns: 1308, Time: 00:02:40

Health: 0/23       AC:  1    Str: 10    XL:     3   Next: 45%
Magic:  6/6        EV: 12    Int: 15    God:
Gold:   57         SH:  0    Dex: 12    Spells: 1 memorised, 5 levels left

rFire  . . .     SeeInvis .       - Unarmed
rCold  . . .     Gourm    .     (no shield)
rNeg   . . .     Faith    .     (helmet restricted)
rPois  .         Spirit   .     (no amulet)
rElec  .         Dismiss  .     d - +3 ring of evasion
rCorr  .         Reflect  .     (no ring)
SustAt .         Harm     .     (no ring)
MR     .....                    (no ring)
Stlth  ++........               (no ring)
                                (no ring)
                                (no ring)
                                (no ring)

@:
A: almost no armour, amphibious, 8 rings, constrict 8, camouflage 1, gelatinous
body 1
a: no special abilities


You were on level 2 of the Dungeon.
You were not hungry.

You visited 1 branch of the dungeon, and saw 2 of its levels.

You collected 57 gold pieces.

Inventory:

Missiles
 a - 25 arrows
Jewellery
 d - a +3 ring of evasion (left tentacle)
Scrolls
 e - a scroll of noise {unknown}
Books
 b - a book of Changes

   Spells                             Type                      Level
   a - Beastly Appendage              Transmutation                1
   b - Sticks to Snakes               Transmutation                2
   c - Spider Form                    Transmutation/Poison         3
   d - Ice Form                       Ice/Transmutation            4
   e - Blade Hands                    Transmutation                5
Comestibles
 c - a bread ration
 f - a slice of pizza
 g - 3 chunks of flesh


   Skills:
 - Level 1.0 Fighting
 + Level 3.7 Dodging
 - Level 3.0 Unarmed Combat
 - Level 2.0 Spellcasting
 - Level 2.0 Transmutations


You had 5 spell levels left.
You knew the following spells:

 Your Spells              Type           Power        Failure   Level  Hunger
a - Beastly Appendage     Tmut           #.....       12%         1    #......


Dungeon Overview and Level Annotations

Branches:
Dungeon (2/15)

Altars:

Annotations:
D:2 Jessica


Innate Abilities, Weirdness & Mutations

You cannot wear most types of armour.
You are amphibious.
You can wear up to eight rings at the same time.
You can use your tentacles to constrict eight enemies at once.
Your skin changes colour to match your surroundings (Stealth+).
Your rubbery body absorbs attacks. (AC +1, EV +1)


Message History

You tentacle-slap the worm.
You kill the worm!
Jessica casts a spell.
Jessica blinks!
Jessica gestures wildly while chanting.
Jessica blinks!
You see here a worm corpse.
You butcher the worm corpse.
g - 3 chunks of flesh (gained 2)
You start resting.
Your tentacle spike disappears.
You start resting.
Jessica casts a spell.
Jessica seems to speed up.
Jessica casts a spell.
Jessica blinks!
Jessica hits you with a club.
* * * LOW HITPOINT WARNING * * *
There is a stone staircase leading down here.
Jessica hits you with a club.
You die...

#.#######.###.#
#.##.........<.
#.##.####.###.. #.##.# #.#
#.. #######.##.####.# ##.
#....##......##.###..
#.##.................
#.##.....)...........
######...@................
#.......@....####.........
####.#.#####.#####........
#)..###.......#........
#...........###.......#
######.####.....##......##
#...............##......#
##.........##...##.[....#
#####.##..# .........#


You could see Jessica.

Vanquished Creatures
  2 oozes (D:1)
  A worm (D:2)
  A bat (D:1)
  2 giant cockroaches
  2 goblins (D:1)
  3 hobgoblins (D:1)
  2 jackals (D:1)
  2 giant newts (D:1)
  7 kobolds (D:1)
  6 rats (D:1)
28 creatures vanquished.

Notes
Turn   | Place    | Note
-------+----------+-------------------------------------------
     0 | D:1      | Jmtri7 the Octopode Transmuter began the quest for the Orb.
     0 | D:1      | Reached XP level 1. HP: 13/13 MP: 3/3
    80 | D:1      | Reached XP level 2. HP: 4/18 MP: 5/5
   736 | D:1      | Reached XP level 3. HP: 17/23 MP: 6/6
  1280 | D:2      | Noticed Jessica
  1308 | D:2      | Slain by Jessica

Vault maps used:
D:1:      erik_arrival_gehennom, serial_forest, infiniplex_forest_clump_long,
          infiniplex_forest_lined_3, infiniplex_forest_lined_2,
          infiniplex_forest_end_1
D:2:      ecumenical_altar_1, hangedman_decor_slide_cut, minmay_surrounded,
          uniq_jessica

Skill      XL: |  1  2 |
---------------+-------+-----
Dodging        | 3 |  3.7
Fighting       | |  1.0
Unarmed Combat | |  3.0
Spellcasting   | |  2.0
Transmutations | |  2.0

Action                   || total
-------------------------++-------
Melee: Unarmed           ||    60
       Constrict         ||    14
       Tentacles         ||     7
       Punch             ||     1
       Kick              ||     1
 Cast: Beastly Appendage ||     1
 Stab: Sleeping          ||     5
       Distracted        ||     2
  Eat: Chunk             ||     1
Armor: Skin              ||     6
Dodge: Dodged            ||    35
